 Dungeon Crawl Stone Soup version 0.18-a0-1088-g34ef3a2 (webtiles) character file.

24 Ijustatesigmund the Skirmisher (level 2, -1/24 HPs)
             Began as a Demonspawn Abyssal Knight on Jan 15, 2016.
             Was a Follower of Lugonu.
             Slain by Natasha (9 damage)
             ... on level 2 of the Dungeon.
             The game lasted 00:01:45 (1155 turns).

Ijustatesigmund the Skirmisher (DsAK)               Turns: 1155, Time: 00:01:45

Health: -1/24      AC:  8    Str: 12    XL:     2   Next: 79%
Magic:  4/4        EV: 11    Int: 18    God:    Lugonu [*.....]
Gold:   55         SH:  0    Dex: 12    Spells: 0 memorised, 1 level left

rFire  . . .     SeeInvis .     a - +1 mace
rCold  . . .     Gourm    .     b - +0 leather armour
rNeg   . . .     Faith    .     (no shield)
rPois  .         Spirit   .     p - +0 helmet
rElec  .         Dismiss  .     (no cloak)
rCorr  .         Reflect  .     (no gloves)
SustAt .         Harm     .     m - +2 pair of boots
MR     .....                    (no amulet)
Stlth  +.........               (no ring)
                                (no ring)

@: brilliant, not resistant to hostile enchantments, very unstealthy
A: icy blue scales 1
a: Depart the Abyss, Renounce Religion


You were on level 2 of the Dungeon.
You worshipped Lugonu.
Lugonu was aware of your devotion.
You were not hungry.

You visited 1 branch of the dungeon, and saw 2 of its levels.
You visited the Abyss 1 time.

You collected 55 gold pieces.

Inventory:

Hand Weapons
 a - a +1 mace (weapon)
Missiles
 l - 2 javelins (quivered)
Armour
 b - a +0 leather armour (worn)
 m - a +2 pair of boots (worn)
 p - a +0 helmet (worn)
Jewellery
 g - an uncursed amulet of magic regeneration {unknown}
 i - an uncursed ring of fire {unknown}
Scrolls
 d - a scroll of recharging {unknown}
 e - 4 scrolls of identify {unknown}
 f - a scroll of noise {unknown}
 h - 3 scrolls of remove curse {unknown}
 k - a scroll of fear {unknown}
Potions
 n - a potion of poison {unknown}
 q - a potion of ambrosia {unknown}
Comestibles
 c - a bread ration
 o - a beef jerky


   Skills:
 + Level 3.2 Fighting
 * Level 2.5 Maces & Flails
 - Level 1.7 Armour
 - Level 0.8 Dodging
 + Level 2.9 Invocations


You had one spell level left.
You didn't know any spells.

Dungeon Overview and Level Annotations

Branches:
Dungeon (2/15)

Altars:
Nemelex Xobeh

Annotations:
D:2 Natasha


Innate Abilities, Weirdness & Mutations

You are partially covered in icy blue scales (AC +1).


Message History

The crimson imp blinks!
Natasha claws you but does no damage.
You hit Natasha.
Natasha is moderately wounded.
The goblin barely misses you.
The white imp hits you but does no damage.
Natasha claws you but does no damage. The goblin hits you with a club.
The white imp gestures at you. The puff of frost hits you!
* * * LOW HITPOINT WARNING * * *
Drink which item? (? for menu, Esc to quit)
Okay, then.
Read which item? (? for menu, Esc to quit)
Okay, then.
Drink which item? (? for menu, Esc to quit)
It was a potion of brilliance.
You feel clever all of a sudden. Natasha barely misses you.
The goblin closely misses you.
Natasha mumbles some strange words.
Natasha claws you!
You die...

##### #.#.. #.⌠.⌠ #.._.
#.⌠.⌠##########
##'#...........#
#......%..####.#
#.....@..5# #.#
#.....h...####'########
.........g.##...........
.......55..##...........
.........####...........
.........# #...........
.........# #...........
.........# #...........
........# #...........


You could see Natasha, a crimson imp, a white imp, a shadow imp and a goblin.

Vanquished Creatures
  An adder (D:2)
  A bat (D:2)
  2 giant cockroaches (D:2)
  A goblin (D:1)
  A hobgoblin (D:1)
  3 jackals (D:2)
  A quokka (D:2)
  3 giant newts
  A rat (D:2)
14 creatures vanquished.

Notes
Turn   | Place    | Note
--------------------------------------------------------------
     0 | Abyss:1  | Ijustatesigmund the Demonspawn Abyssal Knight began the quest for the Orb.
     0 | Abyss:1  | Reached XP level 1. HP: 18/18 MP: 2/2
     0 | Abyss:1  | Noticed a thrashing horror
     1 | D:1      | Escaped the Abyss
   775 | D:2      | Reached * piety under Lugonu
   832 | D:2      | Gained mutation: You are partially covered in icy blue scales (AC +1). [demonic ancestry]
   832 | D:2      | Reached XP level 2. HP: 18/24 MP: 4/4
  1142 | D:2      | Found a sparkling altar of Nemelex Xobeh.
  1143 | D:2      | Noticed Natasha
  1147 | D:2      | Noticed a crimson imp
  1155 | D:2      | Slain by Natasha

Vault maps used:
D:1:      evilmike_arrival_hilbert_curve
D:2:      nemelex_xobeh_ov_fountains_minmay, first_bread, uniq_iyjb,
          uniq_natasha
Abyss:1:  guppyfry_abyss_exit_glass_guarded

Action                   || total
-------------------------++-------
Melee: Mace              ||    65
Invok: Depart the Abyss  ||     1
  Use: Potion            ||     1
  Eat: Chunk             ||     1
